Map: Oxyde EC

Players

IA (très facile) - Winner!

  • Race: Zerg Zerg

Arrogfire

  • Race: Protoss Protoss
  • League: Master

VOD

Have the link to the VOD?

Description

200/200 timing with 11 carriers and 12 voidrays.

Time

  • Played on: July 21, 2021, 10:23 a.m.
  • Length: 11:40
Show
View Real Time Build Order
Export as new Build Order

IA (très facile) Zerg - Winner!

Build Orders: Hatch First 

Get SALT Encoding   

  6  0:01  Drone  
  13  0:12  Overlord  
  13  0:16  Drone  
  14  0:41  Hatchery  
  13  0:45  Drone  
  14  1:04  Spawning Pool  
  14  1:05  Extractor  
  14  1:08  Drone  
  13  1:15  Drone  
  14  1:20  Overlord  
  14  1:51  Queen  
  14  1:53  Zergling x2  
  14  1:54  Zergling x2  
  18  1:57  Roach Warren  
  17  2:03  Drone  
  17  2:07  Extractor  
  17  2:11  Drone  
  17  2:15  Zergling x2  
  19  2:19  Drone  
  20  2:26  Drone  
  21  2:34  Drone  
  22  2:41  Drone  
  23  2:48  Drone  
  24  2:55  Drone  
  25  3:02  Drone  
  25  3:05  Roach  
  28  3:08  Overlord  
  28  3:13  Drone  
  29  3:20  Drone  
  30  3:27  Drone  
  31  3:34  Drone  
  32  3:41  Drone  
  32  3:43  Overlord  
  33  3:48  Drone  
  33  3:52  Lair  
  33  3:55  Roach  
  36  3:56  Drone  
  37  4:03  Drone  
  38  4:11  Drone  
  39  4:18  Drone  
  40  4:25  Drone  
  34  4:33  Drone  
  32  4:40  Drone  
  32  4:45  Roach  
  35  4:47  Drone  
  35  4:51  Overseer  
  35  4:52  Overseer  
  36  4:55  Drone  
  37  5:02  Drone  
  37  5:09  Drone  
  38  5:16  Drone  
  39  5:23  Drone, Extractor  
  39  5:29  Extractor  
  39  5:30  Drone  
  39  5:35  Roach  
  41  5:38  Drone  
  42  5:45  Drone  
  43  5:53  Drone  
  44  6:00  Drone  
  44  6:01  Overlord  
  45  6:05  Overseer  
  45  6:20  Drone, Overlord  
  46  6:27  Drone  
  47  6:34  Drone  
  48  6:42  Drone  
  49  6:49  Drone  
  50  6:56  Drone  
  51  7:03  Drone  
  52  8:00  Overseer, Overlord  
  52  9:08  Overseer, Overlord  
  52  10:34  Pneumatized Carapace  
  52  10:35  Overseer  
  52  10:36  Overlord  
  52  10:37  Overlord, Infestation Pit  
  52  10:39  Drone, Hydralisk Den  
  51  10:54  Drone  
  51  11:05  Zergling x2  
  49  11:11  Overseer  
  43  11:27  Drone  
Show
View Real Time Build Order
Export as new Build Order

Arrogfire Protoss 

Build Orders: 1 Gate Expand, Oracle Opening, Carriers 

Get SALT Encoding   

  6  0:00  Probe  
  13  0:12  Pylon  
  13  0:17  Probe (Chrono Boost)  
  14  0:26  Probe (Chrono Boost)  
  15  0:31  Probe (Chrono Boost)  
  16  0:38  Gateway  
  16  0:43  Probe  
  16  0:48  Assimilator  
  17  0:55  Probe (Chrono Boost)  
  18  1:08  Probe (Chrono Boost)  
  19  1:14  Probe (Chrono Boost)  
  20  1:24  Nexus  
  20  1:34  Cybernetics Core  
  20  1:36  Probe  
  21  1:42  Assimilator  
  21  1:49  Probe  
  21  1:52  Pylon  
  22  2:01  Probe (Chrono Boost)  
  23  2:11  Adept  
  23  2:13  Probe (Chrono Boost)  
  23  2:15  Stargate  
  26  2:18  Probe (Chrono Boost)  
  27  2:22  Warp Gate  
  27  2:29  Probe (Chrono Boost)  
  28  2:36  Probe (Chrono Boost)  
  29  2:41  Adept  
  32  2:45  Probe x2 (Chrono Boost)  
  32  2:50  Probe (Chrono Boost)  
  33  2:51  Probe  
  33  2:52  Void Ray (Chrono Boost)  
  35  3:02  Probe  
  35  3:03  Probe  
  41  3:09  Pylon  
  41  3:14  Probe  
  41  3:15  Probe  
  43  3:20  Gateway  
  43  3:26  Oracle (Chrono Boost), Probe  
  44  3:27  Probe  
  48  3:38  Probe  
  48  3:40  Probe  
  50  3:44  Nexus  
  50  3:48  Pylon  
  50  3:50  Probe  
  50  3:52  Probe  
  52  3:55  Assimilator  
  52  3:58  Assimilator  
  52  4:03  Probe  
  52  4:04  Probe  
  52  4:05  Stargate  
  54  4:12  Robotics Facility  
  54  4:15  Probe (Chrono Boost)  
  56  4:21  Forge  
  56  4:22  Probe (Chrono Boost)  
  57  4:25  Probe (Chrono Boost)  
  57  4:29  Probe (Chrono Boost)  
  57  4:30  Probe (Chrono Boost)  
  58  4:33  Pylon  
  58  4:35  Shield Battery  
  59  4:39  Pylon  
  59  4:41  Probe x2 (Chrono Boost)  
  61  4:45  Void Ray x2  
  70  4:57  Probe (Chrono Boost)  
  70  4:58  Probe x2 (Chrono Boost)  
  72  5:00  Robotics Bay  
  72  5:06  Probe x2 (Chrono Boost)  
  75  5:08  Pylon, Probe (Chrono Boost)  
  75  5:10  Assimilator  
  75  5:11  Probe (Chrono Boost)  
  75  5:12  Probe, Assimilator  
  77  5:17  Probe (Chrono Boost)  
  78  5:23  Void Ray, Probe (Chrono Boost)  
  78  5:25  Void Ray  
  80  5:29  Probe (Chrono Boost)  
  80  5:34  Probe x2 (Chrono Boost)  
  90  5:38  Probe (Chrono Boost)  
  90  5:39  Probe (Chrono Boost)  
  90  5:41  Probe, Photon Cannon  
  93  5:42  Photon Cannon  
  93  5:44  Shield Battery  
  93  5:46  Disruptor (Chrono Boost)  
  93  5:48  Probe  
  97  5:53  Pylon  
  97  6:00  Nexus  
  97  6:01  Void Ray  
  97  6:05  Void Ray  
  101  6:14  Disruptor  
  101  6:21  Pylon  
  108  6:26  Pylon  
  108  6:29  Probe  
  108  6:30  Protoss Air Weapons Level 1  
  108  6:31  Assimilator  
  109  6:34  Assimilator  
  109  6:38  Void Ray  
  109  6:39  Probe x2  
  111  6:40  Stargate  
  111  6:42  Void Ray  
  111  6:44  Shield Battery  
  111  6:45  Photon Cannon  
  115  6:48  Photon Cannon  
  115  6:50  Probe, Disruptor (Chrono Boost)  
  115  6:51  Probe  
  124  6:55  Pylon  
  124  7:11  Fleet Beacon  
  126  7:15  Twilight Council  
  126  7:16  Void Ray  
  126  7:18  Void Ray  
  128  7:26  Void Ray  
  132  7:32  Pylon  
  136  7:38  Pylon  
  136  7:40  Photon Cannon  
  136  7:42  Photon Cannon  
  136  7:44  Photon Cannon  
  136  7:46  Photon Cannon  
  136  7:48  Shield Battery  
  136  7:49  Shield Battery  
  136  7:51  Photon Cannon  
  136  7:52  Photon Cannon  
  136  7:54  Shield Battery  
  136  7:59  Charge (Chrono Boost)  
  136  8:02  Flux Vanes  
  142  8:12  Carrier (Chrono Boost)  
  148  8:13  Carrier (Chrono Boost)  
  148  8:15  Carrier (Chrono Boost)  
  154  8:25  Pylon x3  
  154  8:30  Protoss Air Weapons Level 2 (Chrono Boost)  
  154  8:32  Protoss Ground Weapons Level 1  
  154  8:36  Pylon  
  154  8:37  Stargate  
  154  8:45  Photon Cannon  
  154  8:49  Photon Cannon  
  166  9:12  Carrier x2 (Chrono Boost)  
  166  9:14  Carrier (Chrono Boost)  
  172  9:22  Carrier (Chrono Boost)  
  172  9:25  Blink  
  178  9:33  Gateway  
  178  9:34  Gateway  
  178  9:38  Pylon  
  178  9:43  Warp Prism  
  180  10:14  Carrier x2 (Chrono Boost)  
  196  10:15  Carrier (Chrono Boost)  
  196  10:17  Carrier (Chrono Boost)  
  199  10:22  Gateway  
  199  10:23  Gateway  
  199  10:24  Gateway  
  199  10:25  Gateway  
  199  10:27  Observer  
  200  10:33  Gateway  
  200  10:34  Gateway  
  200  10:38  Gateway  
  200  10:39  Gateway  
  200  11:27  Templar Archives  
Tags
 
Add a new tag
Caveats
  • Supply blocks, unpowered buildings, or Contaminate may cause inaccurate times.
  • Supply counts are checked every 10 seconds.